 BcadrenCrawl: Boulder Brew version 0.05.21-81-gd28e3044bd (webtiles) character file.

Game seed: 12636721276811197388, levelgen mode: deterministic

142 theanonym the Slasher (level 5, -3/45 HPs) Minotaur Noble. Began on Sept 7, 2021. Slain by a sewer rat (6 damage) ... on level 2 of the Dungeon. The game lasted 00:02:48 (1177 turns).

theanonym the Slasher (Minotaur Noble)              Turns: 1177, Time: 00:02:49

Health: -3/45      AC: 13    Str: 22    XL:     5 ^: 177
Magic:  5/5        EV:  7    Int:  7    God:
Gold:   96         SH:  0    Dex:  7    Spells: 6/6 levels left

rFire    + . .     Vision   .   c - +0 scimitar (freeze)
rCold    + . .     Gourm    +   (no weapon)
rNeg     . . .     Faith    .   b - +0 gold dragon scales
rCorr    . . .     Spirit   .   (helmet restricted)
rPois    +         Reflect  .   (no cloak)
rElec    .         Harm     .   (no gloves)
MR       .....                  (no boots)
Stlth    ..........             k - amulet of the gourmand
HPRegen  0.25/turn              (no ring)
MPRegen  0.15/turn              (no ring)

@: no status effects
A: horns, retaliatory headbutt 2
a: no special abilities


Innate Abilities, Weirdness & Mutations

You reflexively attack those that strike you in melee with your horns.


   Skills:
 + Level 3.0 Fighting
 * Level 3.9 Long Blades
 + Level 2.6 Armour
 - Level 0.7 Stealth
 - Level 1.0 Spellcasting


You had 6 spell levels left.
You didn't know any spells.
Your spell library was empty.

Skill      XL: |  1  2  3  4 |
---------------+-------------+-----
Long Blades    | 1 2 3 |  3.9
Armour         | 1 2 |  2.6
Fighting       | 2 3 |  3.0
Stealth        | |  0.7
Spellcasting   | |  1.0

Action                   |  1- 3 |  4- 6 || total
-------------------------+-------+-------++-------
Melee: Scimitar          |   123 |    78 ||   201
       Unarmed           |   106 |    68 ||   174
       Headbutt          |     3 |     3 ||     6
  Use: Scroll            |     1 |       ||     1
  Eat: Chunk             |       |     2 ||     2
Armor: Gold dragon scale |   122 |   112 ||   234
Dodge: Dodged            |    52 |    47 ||    99
       Rpst.: Scimitar   |    12 |     6 ||    18

Inventory:

Weapons
 c - a +0 scimitar of freezing (weapon)
Armour
 b - +0 gold dragon scales (worn)
Jewellery
 k - an amulet of the gourmand (around neck)
Scrolls
 a - a scroll of fear
 f - a scroll of fog
 g - a scroll of bless item
Potions
 h - a potion of haste
 i - a potion of lignification
 j - a potion of agility
 l - a potion of gain dexterity
 m - a potion of might
 q - 2 potions of heal wounds
 w - a potion of curing
Comestibles
 d - 4 chunks of flesh
 e - a ration


You were on level 2 of the Dungeon.
You were not hungry.

You visited 1 branch of the dungeon, and saw 2 of its levels.
You also visited: Market.

You collected 56 gold pieces.
You spent 960 gold pieces at shops.

Dungeon Overview and Level Annotations

Branches:
Dungeon (2/8)

Altars:

≈≈≈PP≈≈≈K.≈≈≈≈≈≈≈≈≈PP≈≈≈≈≈≈≈#
≈≈≈≈≈≈≈..KK≈≈≈≈≈.≈PP≈≈≈≈≈≈≈.#
≈≈≈PP≈.≈≈≈≈≈l..≈PPPPPP.....#
######≈≈≈≈KK.#.#### ..P#.≈#
#P≈≈≈Krr....≈# ......≈
##≈≈≈≈srr.....#
≈.≈≈≈≈Pr#rr...##
.#.≈≈≈≈rr......#
..≈...≈≈≈@.......#
......≈.≈≈.......##
..#..≈.≈Z≈.....≈## ≈
#.#≈≈≈≈P....###
#.....≈≈....## .....≈≈P≈...#
...≈≈PP<.## .....PP≈## ..P


You could see 2 big kobolds, a cinder newt, 9 sewer rats, a giant cockroach, 3
kobolds and a bat skeleton.

Notes
Turn   | Place    | Note
-------+----------+-------------------------------------------
     0 | Start Ma | theanonym the Minotaur Noble began the quest for the Orb.
     0 | Start Ma | Reached XP level 1. HP: 16/16 MP: 1/1
     0 | Start Ma | Found Zielioji's Expert Tomes.
     7 | Start Ma | Found Lobbipny's Auxillary Armour.
     8 | Start Ma | Bought +0 gold dragon scales for 800 gold pieces
    25 | Start Ma | Found Dongehech's Mashing MeleeMart.
    28 | Start Ma | Bought a +0 scimitar for 160 gold pieces
    37 | D:1      | theanonym set off with the following items: +0 gold dragon
                  | scales, a +0 scimitar, a ration
   193 | D:1      | Reached skill level 1 in Long Blades
   251 | D:1      | Reached XP level 2. HP: 24/24 MP: 2/2
   272 | D:1      | Reached skill level 1 in Armour
   296 | D:1      | Reached skill level 2 in Long Blades
   322 | D:1      | Reached skill level 2 in Fighting
   454 | D:1      | Reached XP level 3. HP: 29/29 MP: 3/3
   658 | D:1      | Reached skill level 2 in Armour
   658 | D:1      | Reached skill level 3 in Long Blades
   658 | D:1      | Reached XP level 4. HP: 36/37 MP: 4/4
  1123 | D:2      | Noticed a big kobold
  1141 | D:2      | Reached skill level 3 in Fighting
  1151 | D:2      | HP: 17/38 [big kobold/+0 whip (5)]
  1156 | D:2      | HP: 14/38 [big kobold/+0 whip (3)]
  1165 | D:2      | HP: 13/38 [sewer rat (3)]
  1165 | D:2      | Reached XP level 5. HP: 16/45 MP: 5/5
  1170 | D:2      | HP: 14/45 [cinder newt (1)]
  1177 | D:2      | HP: 3/45 [sewer rat (6)]
  1177 | D:2      | Slain by a sewer rat

Vanquished Creatures
  A giant cockroach (D:2)
  An adder (D:2)
  A gnoll (D:1)
  A sewer rat (D:2)
  5 cinder newts
  2 oozes
  3 dart slugs (D:1)
  4 leopard geckos
  7 hobgoblins (D:1)
  2 ball pythons
  9 bats (D:1)
  4 goblins (D:1)
  9 kobolds
  6 rats (D:1)
  A withered plant (D:2)
56 creatures vanquished.

Vanquished Creatures (others)
  A giant cockroach (D:2)
  A bat skeleton (D:2)
  A kobold (D:2)
  3 slimeheads (D:2)
  127 withered plants (D:2)
133 creatures vanquished.

Grand Total: 189 creatures vanquished

Table legend:
 A = Turns spent in this place as a percentage of turns spent in the entire game.
 B = Non-inter-level travel turns spent in this place as a percentage of non-inter-level travel turns spent in the entire game.
 C = Inter-level travel turns spent in this place as a percentage of turns spent in this place.
 D = Turns resting spent in this place as a percentage of non-inter-level travel turns spent in this place.
 E = Turns spent auto-exploring this place as a percentage of non-inter-level travel turns spent in this place.
 F = Non-inter-level travel turns spent in this place divided by the number of levels of this place that you've seen.
                   A       B       C       D       E      F
               +-------+-------+-------+-------+-------+----------------------
         Total | 100.0 | 100.0 |   1.5 |   9.3 |  55.0 | 386.3
       Dungeon |  96.9 |  96.8 |   1.6 |   9.6 |  56.9 | 561.0
        Market |   3.1 |   3.2 |   0.0 |   0.0 |   0.0 |  37.0
               +-------+-------+-------+-------+-------+----------------------
